 Dungeon Crawl Stone Soup version 0.28.0 (webtiles) character file.

Game seed: 7713107736972409381

944 Sanktem7 the Slasher (level 7, -2/61 HPs)
             Began as a Minotaur Fighter on Feb 9, 2022.
             Killed from afar by Dowan (16 damage)
             ... with a shard of ice
             ... on level 5 of the Dungeon.
             The game lasted 00:06:48 (4817 turns).

Sanktem7 the Slasher (Minotaur Fighter)             Turns: 4817, Time: 00:06:48

Health: -2/61      AC:  7    Str: 22    XL:     7   Next: 88%
Magic:  6/6        EV:  7    Int:  5    God:
Gold:   172        SH: 13    Dex: 10    Spells: 6/6 levels left

rFire   . . .      SeeInvis .   a - +0 long sword
rCold   . . .      Faith    .   k - +0 tower shield
rNeg    . . .      Spirit   .   b - +0 scale mail
rPois   .          Reflect  .   (helmet restricted)
rElec   .          Harm     .   (no cloak)
rCorr   .          Rampage  .   (no gloves)
Will    .....                   (no boots)
Stlth   ..........              (no amulet)
HPRegen 0.20/turn               (no ring)
MPRegen 0.10/turn               (no ring)

@: no status effects
A: horns 2, retaliatory headbutt
a: no special abilities


You were on level 5 of the Dungeon.
You visited 1 branch of the dungeon, and saw 5 of its levels.

You collected 172 gold pieces.

Inventory:

Hand Weapons
 a - a +0 long sword (weapon)
Armour
 b - a +0 scale mail (worn)
 c - a +0 buckler
 k - a +0 tower shield (worn)
Scrolls
 d - a scroll of identify
 g - a scroll of vulnerability {unknown}
 h - 3 scrolls of enchant armour
Potions
 e - a potion of curing {unknown}
 f - 3 potions of mutation
 i - a potion of invisibility {unknown}
 j - 2 potions of flight {unknown}
 l - a potion of degeneration {unknown}
 m - 2 potions of attraction {unknown}
 n - a potion of lignification {unknown}


   Skills:
 + Level 5.4 Fighting
 + Level 6.5 Long Blades
 + Level 6.0 Armour
 + Level 2.7 Dodging
 * Level 1.9 Stealth
 + Level 5.7 Shields


You had 6 spell levels left.
You didn't know any spells.
Your spell library contained the following spells:

 Spells                   Type           Power      Damage    Failure   Level
 Ozocubu's Armour         Ice            0%         N/A       100%        3
 Ozocubu's Refrigeration  Ice            0%         4d5       100%        7


Dungeon Overview and Level Annotations

Branches:
Dungeon (5/15)             Temple (0/1) D:4

Altars:

Shops:
D:1 :

Annotations:
D:5 Dowan


Innate Abilities, Weirdness & Mutations

You have a pair of horns on your head.
You reflexively headbutt those who attack you in melee.


Message History

You kill Duvessa!
Dowan seems overcome with grief.
Dowan seems to find hidden reserves of power!
Dowan closely misses you. You furiously retaliate!
You headbutt Dowan!
Your Armour skill increases to level 6!
You barely miss Dowan.
Dowan is moderately wounded.
Dowan points at you and mumbles some strange words.
The stone arrow hits you!
Dowan zaps a wand.
You block the puff of flame.
You slash Dowan!
Dowan is severely wounded.
Dowan barely misses you. You block Dowan's attack.
You hit Dowan but do no damage.
Dowan is heavily wounded.
Dowan breathes, "And she was my only..."
Dowan closely misses you.
Dowan zaps a wand.
The puff of flame hits you.
* * * LOW HITPOINT WARNING * * *
You barely miss Dowan.
Dowan is heavily wounded.
You block Dowan's attack. Dowan barely misses you.
You hit Dowan.
Dowan is severely wounded.
Dowan gestures wildly while chanting.
Dowan blinks!
Dowan zaps a wand.
The puff of flame hits you.
* * * LOW HITPOINT WARNING * * *
Dowan barely misses you.
Things that are here:
a +0 short sword; a +0 leather armour You hit Dowan.
Your headbutt misses Dowan.
Dowan is almost dead.
Dowan hits you but does no damage.
Dowan mumbles some strange words.
Dowan blinks!
Dowan gestures wildly while chanting.
Dowan blinks!
You hit Dowan. Your headbutt misses Dowan.
Dowan is almost dead.
Dowan gestures at you while chanting. The shard of ice hits you!
You die...

### #<# #.### #...#
###.# ##### #.# #..§#
#.#
#########e..#########.#
.....!§)@...>..<....#.#
############.######.#.#
#.# #.#.# #.# #.#.#
#########.## #.#.#
...........# #.#.#
####..[#..# #.#.#
#...#..## #.#.#
#...#...# #.#.#


You could see Dowan (fast).

Vanquished Creatures
  Prince Ribbit (D:5)
  Duvessa (D:5)
  A sky beast (D:5)
  A phantom (D:5)
  A scorpion (D:4)
  A water moccasin skeleton (D:5)
  2 hounds
  A centaur skeleton (D:4)
  A bullfrog skeleton (D:4)
  Natasha (thrice) (D:3)
  2 iguanas
  A hound skeleton (D:2)
  2 adders (D:2)
  A gnoll (D:1)
  2 white imps (D:5)
  An ufetubus (D:3)
  An adder skeleton (D:4)
  3 worms
  2 dart slugs (D:1)
  2 ball pythons
  6 endoplasms
  3 giant cockroaches
  3 goblins (D:1)
  9 hobgoblins
  6 jackals
  7 kobolds
  6 quokkas
  6 bats
  2 frilled lizards (D:1)
  A quokka skeleton (D:4)
  8 rats
87 creatures vanquished.

Notes
Turn   | Place    | Note
-------+----------+-------------------------------------------
     0 | D:1      | Sanktem7 the Minotaur Fighter began the quest for the Orb.
     0 | D:1      | Reached XP level 1. HP: 19/19 MP: 0/0
    99 | D:1      | Found Gauf's Book Boutique.
   185 | D:1      | Reached XP level 2. HP: 23/27 MP: 1/1
   420 | D:1      | Reached XP level 3. HP: 15/33 MP: 2/2
   760 | D:1      | Found a faded altar of an unknown god.
  1282 | D:2      | Reached XP level 4. HP: 39/40 MP: 3/3
  1481 | D:2      | Reached skill level 1 in Dodging
  1867 | D:3      | Noticed Natasha
  1873 | D:3      | Killed Natasha
  2013 | D:3      | Noticed Natasha
  2023 | D:3      | Killed Natasha
  2024 | D:3      | Reached XP level 5. HP: 26/47 MP: 4/4
  2213 | D:3      | Noticed Natasha
  2220 | D:3      | Killed Natasha
  2911 | D:4      | Found a staircase to the Ecumenical Temple.
  3137 | D:4      | Reached skill level 5 in Long Blades
  3137 | D:4      | Reached skill level 5 in Armour
  3137 | D:4      | Reached XP level 6. HP: 13/53 MP: 5/5
  3755 | D:5      | Entered Level 5 of the Dungeon
  3782 | D:5      | Noticed a sky beast
  3795 | D:5      | Killed a sky beast
  3796 | D:5      | Reached skill level 5 in Fighting
  3863 | D:5      | Noticed Prince Ribbit
  3889 | D:5      | HP: 2/56 [Prince Ribbit (10)]
  3890 | D:5      | Killed Prince Ribbit
  3891 | D:5      | Reached skill level 1 in Stealth
  3891 | D:5      | Reached skill level 5 in Shields
  3891 | D:5      | Reached XP level 7. HP: 3/61 MP: 6/6
  4796 | D:5      | Noticed Duvessa
  4797 | D:5      | Noticed Dowan
  4808 | D:5      | Killed Duvessa
  4817 | D:5      | Killed from afar by Dowan

Illustrated notes

Levels and vault maps discovered:
D:1:      dpeg_arrival_brainrot, layout_rooms, chequers_ecumenical_altar_island,
          serial_shops, nicolae_shop_crystal
D:2:      layout_loops_cross
D:3:      layout_rooms, uniq_natasha
D:4:      layout_basic, minmay_temple_entry_statues_fountains,
          chequers_serial_rivers_room_a, minmay_misc_feat_diagonals
D:5:      layout_basic, uniq_prince_ribbit1, uniq_duvessa

Skill      XL: |  1  2  3  4  5  6  7 |
---------------+----------------------+-----
Shields        | 4 5 |  5.7
Long Blades    | 3 4 5 6 |  6.5
Fighting       | 4 5 |  5.4
Armour         | 4 5 6 |  6.0
Dodging        | 1 2 |  2.7
Stealth        | 1 |  1.9

Action                   |  1- 3 |  4- 6 |  7- 9 || total
-------------------------+-------+-------+-------++-------
Melee: Long sword        |    80 |   143 |    61 ||   284
       Headbutt          |     5 |    15 |     9 ||    29
  Use: Potion            |       |     1 |       ||     1
       Scroll            |       |       |     3 ||     3
Armor: Scale mail        |    47 |    67 |    14 ||   128
Dodge: Dodged            |    34 |    48 |    16 ||    98
Block: Buckler           |    10 |     3 |       ||    13
       Tower shield      |       |   102 |    47 ||   149
